 Dungeon Crawl Stone Soup version 0.19-a0-1697-g0595f0e (webtiles) character file.

11462 st0uf the Fighter (level 11, -5/92 HPs)
             Began as a Demonspawn Fighter on Sept 26, 2016.
             Was a High Priest of Qazlal.
             Killed by nerve-wracking pain
             ... invoked by a shadow imp
              (11 damage)
             ... on level 11 of the Dungeon.
             The game lasted 00:54:44 (10515 turns).

st0uf the Fighter (Demonspawn Fighter)             Turns: 10515, Time: 00:54:45

Health: -5/92      AC: 23    Str: 18    XL:     11   Next: 49%
Magic:  17/17      EV: 13    Int:  9    God:    Qazlal [*****.]
Gold:   626        SH:  6    Dex: 15    Spells: 0 memorised, 10 levels left

rFire  . . .     SeeInvis +     L - +2 scimitar (flame)
rCold  + + .     Gourm    .     b - +0 scale mail
rNeg   . . .     Faith    .     (no shield)
rPois  .         Spirit   .     (helmet unavailable)
rElec  .         Dismiss  .     (no cloak)
rCorr  .         Reflect  .     I - +0 pair of gloves
MR     .....     Harm     .     (no boots)
Stlth  ..........               (no amulet)
                                O - ring of protection from cold
                                g - +1 ring of protection

@: protected from physical damage, sanguine armour, repel missiles
A: antennae 3, cold resistance 1, foul stench 1, rot immunity, sanguine armour 2
a: Upheaval, Elemental Force, Disaster Area, Renounce Religion


You were on level 11 of the Dungeon.
You worshipped Qazlal.
Qazlal was extremely pleased with you.
You were not hungry.

You visited 2 branches of the dungeon, and saw 12 of its levels.

You collected 626 gold pieces.

Inventory:

Hand Weapons
 a - a +0 long sword
 L - a +2 scimitar of flaming (weapon)
Missiles
 N - 4 throwing nets (quivered)
Armour
 b - a +0 scale mail (worn)
 I - a +0 pair of gloves (worn)
Jewellery
 g - a +1 ring of protection (left hand)
 r - an uncursed ring of fire
 M - an uncursed ring of magical power
 O - a ring of protection from cold (right hand)
Wands
 d - a wand of digging (12/24)
 i - a wand of digging (14/24)
 n - a wand of random effects (26/48)
 H - a wand of flame (29/48)
 P - a wand of enslavement (14/24)
 U - a wand of random effects (26/48)
Scrolls
 c - 2 scrolls of immolation {unknown}
 h - 2 scrolls of magic mapping {unknown}
 j - 14 scrolls of identify {unknown}
 k - 3 scrolls of fog {unknown}
 l - a scroll of blinking {unknown}
 p - a scroll of teleportation {unknown}
 q - 3 scrolls of enchant armour {unknown}
 t - 5 scrolls of random uselessness {unknown}
 u - 6 scrolls of enchant weapon {unknown}
 y - 2 scrolls of amnesia {unknown}
 z - 3 scrolls of recharging {unknown}
 D - 3 scrolls of noise {unknown}
 F - 2 scrolls of remove curse {unknown}
 G - a scroll of holy word {unknown}
 J - 2 scrolls of fear {unknown}
Potions
 e - 3 potions of brilliance {unknown}
 o - 2 potions of flight {unknown}
 s - 5 potions of curing {unknown}
 v - 3 potions of haste {unknown}
 w - 4 potions of heal wounds {unknown}
 x - 3 potions of ambrosia {unknown}
 A - a potion of magic {unknown}
 B - a potion of agility
 C - 4 potions of degeneration {unknown}
Miscellaneous
 S - a phantom mirror
Comestibles
 f - 11 bread rations
 m - 8 meat rations
 E - 10 slices of pizza
 K - a fruit
 R - 2 beef jerkies
 T - a royal jelly


   Skills:
 * Level 10.4 Fighting
 * Level 9.3 Long Blades
 + Level 6.9 Armour
 + Level 6.3 Dodging
   Level 2.6 Shields
 + Level 8.6 Invocations


You had 10 spell levels left.
You didn't know any spells.

Dungeon Overview and Level Annotations

Branches:
Dungeon (11/15)            Temple (1/1) D:6             Orc (0/2) D:9
   Lair: D:8-11

Altars:
Cheibriados
Kikubaaqudgha
Qazlal
Sif Muna
Vehumet
Yredelemnul

Shops:
D:10 %


Innate Abilities, Weirdness & Mutations

You have a pair of large antennae on your head. (SInv)
Your flesh is cold resistant. (rC+)
You may emit foul miasma when damaged in melee.
You are immune to rotting.
When seriously injured, your bleeding wounds create thick armour. (AC +9)


Message History

* * * LOW HITPOINT WARNING * * *
You feel more protected from physical attacks.
The troll claws you but does no damage. x2
Unknown command.
The six-headed hydra is engulfed in dark miasma.
The six-headed hydra seems to slow down.
A shadow imp comes into view.
A hill giant comes into view. It is wielding a giant club.
You hear a howl!
A phantom comes into view.
You hear a shout!
The six-headed hydra is no longer moving slowly.
The hound closely misses you.
You riposte.
You slice the hound!! You burn the hound.
You kill the hound!
Qazlal accepts your kill.
You hear a howl!
The shadow imp gestures at you. Pain shoots through your body!
You die...

..........#
........W.#
......D...#
........C§#
.........§#
.>......5.#
########..#
#§T# #@§# #..#
#.§# #..#
############†.#
..............#
.......<......#
############..#
#..#


You could see a six-headed hydra, a hill giant, a troll, a phantom and a shadow
imp.

Vanquished Creatures
  A hydra (D:11)
  Harold (D:10)
  Erica (D:9)
  A hill giant (D:11)
  A centaur skeleton (D:11)
  A kobold demonologist (D:9)
  2 trolls
  Grinder (D:3)
  4 hippogriffs
  A human (D:9)
  A hog (D:9)
  A wraith (D:7)
  12 yaks
  A steam dragon (D:9)
  A mottled dragon (D:11)
  A soldier ant (D:9)
  A sky beast (D:9)
  2 orc warriors (D:10)
  A black bear (D:10)
  An ice beast (D:10)
  4 ogres
  4 centaurs
  10 big kobolds (D:9)
  5 bullfrogs
  An elf zombie (D:7)
  2 scorpions
  6 wights
  5 howler monkeys
  4 crimson imps
  A quasit (D:10)
  8 hounds
  2 jellies
  6 human zombies (D:7)
  5 centaur zombies
  3 orc priests
  A gnoll shaman (D:5)
  A human skeleton (D:7)
  4 iguanas
  5 orc wizards
  A bullfrog skeleton (D:7)
  5 worker ants
  2 hound skeletons
  2 mummies (D:7)
  2 worker ant zombies (D:7)
  8 gnolls
  16 adders
  3 shadow imps
  3 adder zombies
  3 worms
  3 dart slugs
  5 leopard geckos
  51 orcs
  3 ball pythons
  5 bats
  3 giant cockroaches
  9 goblins
  8 hobgoblins
  12 jackals
  17 kobolds
  5 quokkas
  8 frilled lizards
  28 rats
315 creatures vanquished.

Vanquished Creatures (others)
  An orc (D:4)
1 creature vanquished.

Grand Total: 316 creatures vanquished

Notes
Turn   | Place    | Note
-------+----------+-------------------------------------------
     0 | D:1      | st0uf the Demonspawn Fighter began the quest for the Orb.
     0 | D:1      | Reached XP level 1. HP: 18/18 MP: 1/1
   238 | D:2      | Gained mutation: You are immune to rotting. [demonic ancestry]
   238 | D:2      | Reached XP level 2. HP: 24/24 MP: 2/2
   699 | D:2      | Reached skill level 1 in Dodging
   699 | D:2      | Gained mutation: Your flesh is cold resistant. (rC+) [demonic ancestry]
   699 | D:2      | Reached XP level 3. HP: 18/29 MP: 3/3
   899 | D:3      | Found a snail-covered altar of Cheibriados.
   943 | D:3      | Noticed Grinder
   950 | D:3      | Paralysed by Grinder for 6 turns
   960 | D:3      | Killed Grinder
   960 | D:3      | Reached skill level 4 in Fighting
   960 | D:3      | Gained mutation: When seriously injured, your bleeding wounds create armour. (AC +9) [demonic ancestry]
   960 | D:3      | Reached XP level 4. HP: 3/38 MP: 4/4
   960 | D:3      | Reached XP level 5. HP: 4/43 MP: 5/5
  1311 | D:3      | Gained mutation: You have a pair of small antennae on your head. [demonic ancestry]
  1311 | D:3      | Reached XP level 6. HP: 49/49 MP: 6/6
  1612 | D:4      | Found a stormy altar of Qazlal.
  1620 | D:4      | Became a worshipper of Qazlal Stormbringer
  1905 | D:3      | Reached * piety under Qazlal
  2952 | D:1      | Reached skill level 1 in Invocations
  3024 | D:1      | Reached ** piety under Qazlal
  3612 | D:4      | Gained mutation: When seriously injured, your bleeding wounds create thick armour. (AC +9) [demonic ancestry]
  3612 | D:4      | Reached XP level 7. HP: 50/55 MP: 8/8
  3865 | D:5      | Entered Level 5 of the Dungeon
  3872 | D:5      | Reached skill level 5 in Fighting
  5256 | D:6      | Gained mutation: You have a pair of antennae on your head. [demonic ancestry]
  5256 | D:6      | Reached XP level 8. HP: 38/64 MP: 10/10
  5302 | D:6      | Reached skill level 5 in Long Blades
  5343 | D:6      | Reached skill level 6 in Fighting
  5439 | D:6      | Found a radiant altar of Vehumet.
  5482 | D:6      | Found a staircase to the Ecumenical Temple.
  5507 | D:6      | Reached *** piety under Qazlal
  5645 | D:6      | Found a deep blue altar of Sif Muna.
  6237 | D:7      | Noticed a hippogriff
  6312 | Temple   | Entered the Ecumenical Temple
  6719 | D:7      | Killed a hippogriff
  6719 | D:7      | Reached skill level 7 in Fighting
  6728 | D:7      | Gained mutation: You have a pair of large antennae on your head. (SInv) [demonic ancestry]
  6728 | D:7      | Reached XP level 9. HP: 46/72 MP: 12/12
  6822 | D:7      | Reached skill level 5 in Armour
  7317 | D:7      | Found an ancient bone altar of Kikubaaqudgha.
  7558 | D:8      | Reached skill level 5 in Invocations
  7559 | D:8      | Reached **** piety under Qazlal
  8207 | D:9      | Noticed Erica
  8216 | D:9      | Killed Erica
  8216 | D:9      | Reached skill level 8 in Fighting
  8220 | D:9      | Reached skill level 5 in Dodging
  8220 | D:9      | Reached XP level 10. HP: 42/82 MP: 14/14
  8446 | D:9      | Reached skill level 9 in Fighting
  8549 | D:9      | Found a basalt altar of Yredelemnul.
  8836 | D:9      | Found a staircase to the Orcish Mines.
  9043 | D:9      | Found a stormy altar of Qazlal.
  9509 | D:10     | Entered Level 10 of the Dungeon
  9622 | D:10     | Gained mutation: You may emit foul miasma when damaged in melee. [demonic ancestry]
  9622 | D:10     | Reached XP level 11. HP: 90/90 MP: 16/16
  9629 | D:10     | Reached ***** piety under Qazlal
  9679 | D:10     | Noticed Harold
  9688 | D:10     | Killed Harold
  9794 | D:10     | Reached skill level 10 in Fighting
  9938 | D:10     | Found Xenyn's Food Shop.
 10451 | D:11     | Noticed a four-headed hydra
 10461 | D:11     | Killed a two-headed hydra
 10479 | D:11     | Noticed a hill giant
 10485 | D:11     | Killed a hill giant
 10495 | D:11     | Noticed an eight-headed hydra
 10501 | D:11     | HP: 4/92 [six-headed hydra (10)]
 10505 | D:11     | Noticed a hill giant
 10515 | D:11     | Killed from afar by a shadow imp

Vault maps used:
D:1:      onia_arrival_mini_maze, st_stairs_4, minmay_misc_feat_ornament,
          minmay_pentomino_u2
D:2:      first_bread, minmay_box_of_dots
D:3:      cheibriados_altar_1, kennysheep_flooded_box, minmay_rat_hole,
          uniq_grinder
D:4:      grunt_qazlal_clouds
D:6:      old_standard_altar, vehumet_altar_wand_db
D:7:      hangedman_cross_stitches, lemuel_mausoleum_altar_kikubaaqudgha,
          supply_closet_lemuel
D:9:      overflow_temple_1_default, old_standard_altar, orc_0_dummy,
          special_room, grunt_livestock, patterned_corridor, uniq_erica
D:10:     serial_shops, kennysheep_little_box, uniq_harold
D:11:     lair_0_dummy, minmay_pinched_square, uniq_erolcha, uniq_grum
Temple:   regret_index_temple_generic_petals

Skill      XL: |  1  2  3  4  5  6  7  8  9 10 11 |
---------------+----------------------------------+-----
Long Blades    | 2 3 4 6 7 8 9 |  9.3
Dodging        | 1 2 3 4 5 6 |  6.3
Fighting       | 4 5 7 8 9 10 | 10.4
Armour         | 3 4 5 6 |  6.9
Invocations    | 1 2 4 6 7 8 |  8.6
Shields        | |  2.6

Action                   |  1- 3 |  4- 6 |  7- 9 | 10-12 || total
-------------------------+-------+-------+-------+-------++-------
Melee: Long sword        |    85 |   306 |   551 |    23 ||   965
       Scimitar          |       |       |       |   285 ||   285
Invok: Upheaval          |       |       |       |     2 ||     2
  Use: Potion            |     1 |       |       |     1 ||     2
  Eat: Chunk             |       |     9 |    14 |     8 ||    31
       Beef jerky        |       |       |     1 |       ||     1
Armor: Scale mail        |    37 |   148 |   164 |   133 ||   482
Dodge: Dodged            |    40 |   147 |   234 |   168 ||   589
       Deflected         |       |       |       |     6 ||     6
Block: Other             |       |    18 |    60 |    70 ||   148
